 Dungeon Crawl Stone Soup version 0.29.1-2-gbd0b4ee654 (webtiles) character file.

Game seed: 4032811430748381398

3808 hawla the Thaumaturge (level 10, -4/72 HPs)
             Began as a Meteoran Ice Elementalist on Nov 8, 2022.
             Was a Follower of Vehumet.
             Killed from afar by an electric eel (11 damage)
             ... with a bolt of electricity
             ... on level 9 of the Dungeon on Nov 10, 2022.
             The game lasted 00:34:20 (4649 turns).

hawla the Thaumaturge (Meteoran Ice Elementalist)   Turns: 4649, Time: 00:34:21

Health: -4/72      AC:  8    Str: 17    XL:     10   Next: 66%
Magic:  15/25      EV: 13    Int: 26    God:    Vehumet [*.....]
Gold:   279        SH:  5    Dex: 15    Spells: 19/29 levels left

rFire   . . .      SeeInvis .   e - +4 mace (holy)
rCold   . . .      Faith    .   (no shield)
rNeg    . . .      Spirit   .   m - +1 steam dragon scales
rPois   +          Reflect  +   (no helmet)
rElec   .          Harm     .   (no cloak)
rCorr   .          Rampage  .   (no gloves)
Will    +....                   (no boots)
Stlth   +.........              w - amulet of reflection
HPRegen 0.22/turn               g - +6 ring of intelligence
MPRegen 0.19/turn               k - +6 ring of strength

@: freezing walls, glowing
A: sense surroundings 2, otherworldly, glowing, explore regen, talons 1,
iridescent scales 1, poison resistance
a: Renounce Religion


You were on level 9 of the Dungeon.
You worshipped Vehumet.
Vehumet was aware of your devotion.
You visited 2 branches of the dungeon, and saw 10 of its levels.

You collected 304 gold pieces.
You spent 25 gold pieces at shops.

Inventory:

Hand Weapons
 e - a +4 mace of holy wrath (weapon)
 r - a +0 club
Armour
 m - +1 steam dragon scales (worn)
Jewellery
 d - a ring of protection from fire
 g - a +6 ring of intelligence (left hand)
 k - a +6 ring of strength (right hand)
 w - an amulet of reflection (around neck)
Wands
 a - a wand of polymorph (5)
Scrolls
 f - a scroll of amnesia
 j - 4 scrolls of poison
 t - a scroll of summoning {unknown}
 u - 2 scrolls of brand weapon {unknown}
 x - 2 scrolls of enchant weapon {unknown}
 A - a scroll of vulnerability
Potions
 b - 2 potions of magic
 c - a potion of curing
 h - 2 potions of flight
 i - a potion of might
 v - a potion of cancellation


   Skills:
 + Level 1.5 Fighting
 + Level 2.6 Maces & Flails
 + Level 4.2 Dodging
 - Level 1.4 Stealth
 + Level 10.1 Spellcasting
 + Level 7.5 Conjurations
 + Level 6.3 Necromancy
 + Level 8.4 Ice Magic
 + Level 2.1 Evocations


You had 19 spell levels left.
You knew the following spells:

 Your Spells              Type           Power      Damage    Failure   Level
a - Vampiric Draining     Necr           45%        2d9       1%          3
b - Frozen Ramparts       Ice            100%       1d16      1%          3
c - Hailstorm             Conj/Ice       53%        3d12      1%          4

Your spell library contained the following spells:

 Spells                   Type           Power      Damage    Failure   Level
 Foxfire                  Conj/Fire      100%       2x1d9     1%          1
 Freeze                   Ice            100%       1d11      1%          1
 Ozocubu's Armour         Ice            54%        N/A       1%          3
 Conjure Flame            Conj/Fire      32%        6-21      3%          3
 Slow                     Hex            52%        N/A       4%          1
 Sticky Flame             Conj/Fire      32%        2d5       10%         4
 Confusing Touch          Hex            13%        N/A       14%         3
 Ignite Poison            Fire/Tmut/Pois 13%        N/A       14%         3


Dungeon Overview and Level Annotations

Branches:
Dungeon (9/15) Zot: 908    Temple (1/1) D:7 Zot: 386    Lair (0/5) D:9
    Orc: D:9-12

Altars:
Ashenzari
Cheibriados
Dithmenos
Elyvilon
Fedhas
Kikubaaqudgha
Makhleb
Nemelex Xobeh
Okawaru
Qazlal
Sif Muna
Trog
Uskayaw
Vehumet
Xom
Zin
The Shining One

Shops:
D:1 *([*


Innate Abilities, Weirdness & Mutations

You passively map the area around you.
You are easily found by Zot.
You glow in the dark.
You regain HP and MP as you explore.
You have sharp toenails.
You are partially covered in iridescent scales. (AC +2)
Your system is resistant to poisons. (rPois)


Message History

You feel life coursing into your body.
The electric eel shoots out a bolt of lightning at you!
The bolt of electricity hits you!
* * * LOW HITPOINT WARNING * * *
Your Spellcasting skill increases to level 10!
Unknown command.
As you read the scroll of fear, it crumbles to dust.
You assume a fearsome visage.
The wolf looks frightened! x2
The hound looks frightened!
The electric eel looks frightened!
A wolf comes into view.
Your frozen ramparts will break if you move.
Continue?
The frozen ramparts melt away as you move.
The wolf bites you. The wolf barely misses you.
The wolf bites you but does no damage.
Cornered, the electric eel turns to fight!
You see here a wand of polymorph (5).
Casting: Vampiric Draining (safe; 1% risk of failure)
Confirm with . or Enter, or press ? or * to list all spells.
Casting: Frozen Ramparts (safe; 1% risk of failure)
Press: ? - help, Dir - look around, f - activate The walls around you are covered in ice.
The wall freezes the wolf.
The wolf misses you.
The wall freezes the wolf!
The wolf bites you but does no damage.
The electric eel shoots out a bolt of lightning at you!
The bolt of electricity hits you!
* * * LOW HITPOINT WARNING * * *
You aren't carrying any items that you can evoke.
You feel better.
The wall freezes the wolf!
The wolf bites you.
* * * LOW HITPOINT WARNING * * *
a - a wand of polymorph (5)
The wall freezes the wolf but does no damage.
The wolf bites you!
* * * LOW HITPOINT WARNING * * *
The wall freezes the wolf.
You kill the wolf!
Vehumet accepts your kill.
The electric eel shoots out a bolt of lightning at you!
The bolt of electricity hits you!
You die...

*,,,,,,,,,.~~h≈~.h~≈~...........
*,***,,,.....~~~.~≈≈≈~..........
**,*,,,,,....~≈~≈.~~≈~~..........
,,*,*,,,,..~S.≈≈~.~.≈~~..........
,,,*,**,,.....~~~.~.~~...........
***,,**,,......~~...~............
* ****,,,....................##.#
* *,***,,......................#.
*,,,,,,,*...#.@.#.#...#.......#
*******#.....####.####.......#)
*,###.#*,* #.####....##..#
*,*..,**** #.##...<<#.....
*,#,*** ############### **,** ***


You could see an electric eel.

Vanquished Creatures
  An oklob plant (D:8)
  A troll (D:9)
  2 wyverns
  5 steam dragons
  An orc warrior (D:7)
  A black bear (D:4)
  An ice beast (D:8)
  2 ogres
  3 wolves (D:9)
  2 centaurs (D:9)
  3 kobold brigands
  3 bullfrogs (D:7)
  A scorpion (D:4)
  2 necrophages
  4 wights
  A howler monkey (D:4)
  A bullfrog zombie (D:5)
  A human zombie (D:5)
  3 orc priests
  4 iguanas
  5 orc wizards
  A mummy (D:5)
  9 gnolls
  3 adders
  2 white imps (D:7)
  An adder zombie (D:5)
  A worm (D:3)
  3 dart slugs
  24 orcs
  6 ball pythons
  6 bats
  5 endoplasms
  4 giant cockroaches
  4 goblins
  6 hobgoblins
  4 quokkas
  2 frilled lizards
  18 kobolds
  10 rats
156 creatures vanquished.

Vanquished Creatures (others)
  5 dream sheep (D:9)
  11 fungi (D:8)
  24 plants (D:8)
40 creatures vanquished.

Grand Total: 196 creatures vanquished

Notes
Turn   | Place    | Note
-------+----------+-------------------------------------------
     0 | D:1      | hawla the Meteoran Ice Elementalist began the quest for the
                  | Orb.
     0 | D:1      | Reached XP level 1. HP: 14/14 MP: 5/5
   119 | D:1      | Reached XP level 2. HP: 20/20 MP: 4/6
   192 | D:1      | Found Syizu's Armour Shoppe.
   206 | D:1      | Reached skill level 3 in Spellcasting
   233 | D:1      | Found a faded altar of an unknown god.
   272 | D:1      | Found Mopodeim's Assorted Antiques.
   277 | D:1      | Bought a scroll labelled DYGAEJ JOKESTRU for 25 gold pieces
   283 | D:1      | Found Zauvyz's Weapon Emporium.
   339 | D:1      | Found Loamou's General Store.
   500 | D:1      | Glimpsed the power of Zot.
   546 | D:2      | Reached XP level 3. HP: 25/26 MP: 4/8
   550 | D:2      | Learned a level 3 spell: Frozen Ramparts
   666 | D:2      | Reached skill level 5 in Ice Magic
  1222 | D:3      | Reached XP level 4. HP: 4/33 MP: 1/10
  1225 | D:3      | Reached skill level 4 in Spellcasting
  1563 | D:3      | Reached XP level 5. HP: 38/38 MP: 10/12
  1697 | D:3      | Glimpsed the power of Zot.
  1817 | D:4      | Reached skill level 5 in Spellcasting
  1817 | D:4      | Reached XP level 6. HP: 36/45 MP: 9/14
  2039 | D:4      | Noticed a black bear
  2044 | D:4      | Killed a black bear
  2045 | D:4      | Reached XP level 7. HP: 29/51 MP: 9/16
  2089 | D:4      | Reached skill level 6 in Spellcasting
  2095 | D:4      | Learned a level 4 spell: Hailstorm
  2165 | D:4      | Reached skill level 1 in Conjurations
  2184 | D:4      | Learned a level 3 spell: Vampiric Draining
  2295 | D:4      | Glimpsed the power of Zot.
  2345 | D:4      | Glimpsed the power of Zot.
  2386 | D:4      | Glimpsed the power of Zot.
  2392 | D:5      | Entered Level 5 of the Dungeon
  2395 | D:5      | Gained mutation: Your flesh is cold resistant. (rC+)
                  | [potion of mutation]
  2395 | D:5      | Gained mutation: You are partially covered in iridescent
                  | scales. (AC +2) [potion of mutation]
  2395 | D:5      | Gained mutation: You are frail. (-10% HP) [potion of
                  | mutation]
  2399 | D:5      | Lost mutation: Your flesh is cold resistant. (rC+) [potion
                  | of mutation]
  2399 | D:5      | Lost mutation: You are frail. (-10% HP) [potion of
                  | mutation]
  2399 | D:5      | Gained mutation: You have sharp toenails. [potion of
                  | mutation]
  2399 | D:5      | Gained mutation: Your system is resistant to poisons.
                  | (rPois) [potion of mutation]
  2532 | D:5      | Found a burning altar of Makhleb.
  2709 | D:5      | Reached XP level 8. HP: 54/58 MP: 15/18
  2718 | D:5      | Found an ancient bone altar of Kikubaaqudgha.
  2739 | D:5      | Reached skill level 5 in Conjurations
  2885 | D:5      | Glimpsed the power of Zot.
  2935 | D:5      | Glimpsed the power of Zot.
  2990 | D:6      | Found the +6 lightning scales {swift, rElec}
  3043 | D:6      | Reached skill level 1 in Necromancy
  3093 | D:7      | Gained mutation: You passively map the area around you.
                  | [Meteoran growth]
  3093 | D:7      | Reached XP level 9. HP: 27/63 MP: 9/19
  3184 | D:7      | Reached skill level 5 in Necromancy
  3216 | D:7      | Found a shadowy altar of Dithmenos.
  3240 | D:7      | Reached skill level 1 in Maces & Flails
  3272 | D:7      | Reached skill level 1 in Fighting
  3284 | D:7      | Found a staircase to the Ecumenical Temple.
  3353 | Temple   | Entered the Ecumenical Temple
  3770 | D:8      | Found a radiant altar of Vehumet.
  3778 | D:8      | Became a worshipper of Vehumet
  3813 | D:8      | Found a blossoming altar of Fedhas.
  3832 | D:8      | Noticed an oklob plant
  3867 | D:8      | Killed an oklob plant
  3868 | D:8      | Reached skill level 7 in Spellcasting
  3944 | D:8      | Reached XP level 10. HP: 8/71 MP: 4/22
  4011 | D:8      | Reached skill level 8 in Spellcasting
  4467 | D:8      | Found a white marble altar of Elyvilon.
  4550 | D:9      | Reached skill level 9 in Spellcasting
  4587 | D:9      | Found a shimmering altar of Xom.
  4638 | D:9      | Reached * piety under Vehumet
  4638 | D:9      | Offered knowledge of Foxfire by Vehumet.
  4640 | D:9      | Reached skill level 10 in Spellcasting
  4649 | D:9      | Killed from afar by an electric eel

Illustrated notes

Levels and vault maps discovered:
D:1:      amcnicky_arrival_underground_garden, layout_loops_ring, serial_shops,
          shop_statue, nicolae_diamond_shop, shop, shop,
          hellmonk_ecumenical_altar_arch_garden, nicolae_hexahallways
D:2:      layout_basic
D:3:      layout_basic, worldfamousw_hep_ancestral_shrine,
          kennysheep_generic_room_14
D:4:      layout_basic
D:5:      layout_loops_ring, bloody_makhleb,
          lemuel_mausoleum_altar_kikubaaqudgha, serial_glass, glass_columns_a,
          glass_columns_a, glass_columns_a, glass_columns_a
D:6:      layout_gridville, nicolae_gozag_seed_capital,
          mainiacjoe_overflow_alcove_4, chequers_arboretum, minivault_22,
          grunt_ministairs_1
D:7:      layout_rooms, lemuel_crystal_altar, minmay_temple_entry_water_ring
D:8:      layout_basic, tgw_fedhas, mainiacjoe_overflow_surrounded_room,
          kennysheep_mini, grunt_ogre_cave, hangedman_decor_riveting,
          grunt_ministairs_12
D:9:      layout_big_octagon, kb_xom_exploding_sheep, amcnicky_altar_gilded,
          erik_lair_island, enter_bailey_2, serial_shops, nicolae_stop_n_shop_2,
          minmay_liquid_box
Temple:   chequers_temple_sunken

Skill      XL: |  1  2  3  4  5  6  7  8  9 10 |
---------------+-------------------------------+-----
Spellcasting   | 3 4 5 6 7 10 | 10.1
Ice Magic      | 5 6 7 8 |  8.4
Dodging        | 3 4 |  4.2
Conjurations   | 4 5 7 |  7.5
Evocations     | 2 |  2.1
Necromancy     | 3 5 6 |  6.3
Maces & Flails | 2 |  2.6
Fighting       | 1 |  1.5
Stealth        | |  1.4

Action                   |  1- 3 |  4- 6 |  7- 9 | 10-12 || total
-------------------------+-------+-------+-------+-------++-------
Melee: Unarmed           |     3 |       |       |       ||     3
       Club              |       |    16 |     7 |       ||    23
       Mace              |       |       |    46 |     4 ||    50
       Kick              |       |       |    14 |     3 ||    17
       Punch             |       |       |     1 |     1 ||     2
 Cast: Freeze            |    36 |    25 |     1 |       ||    62
       Frozen Ramparts   |     6 |    11 |    27 |    11 ||    55
       Hailstorm         |       |       |    47 |    11 ||    58
       Vampiric Draining |       |       |     1 |    15 ||    16
Evoke: Wand              |       |       |     3 |     4 ||     7
  Use: Scroll            |     3 |       |    14 |     7 ||    24
       Potion            |       |     2 |     8 |     4 ||    14
Armor: Robe              |     4 |    14 |    21 |     3 ||    42
       Steam dragon scal |       |       |       |     6 ||     6
Dodge: Dodged            |    15 |    29 |    52 |    17 ||   113
Block: Other             |       |       |    10 |     5 ||    15
       Reflection        |       |       |     1 |     1 ||     2
